 Dungeon Crawl Stone Soup version 0.28.0 (webtiles) character file.

Game seed: 5021322762924847021

448234 PieDemon the Conqueror (level 22, -5/248 HPs)
             Began as a Minotaur Berserker on Feb 8, 2022.
             Was a High Priest of Trog.
             Splashed by a caustic shrike's acid (8 damage)
             ... on level 3 of the Depths on Feb 9, 2022.
             The game lasted 01:26:28 (55112 turns).

PieDemon the Conqueror (Minotaur Berserker)        Turns: 55112, Time: 01:26:29

Health: -5/248     AC: 21    Str: 32    XL:     22   Next: 84%
Magic:  15/31      EV: 13    Int: 12    God:    Trog [*****.]
Gold:   6090       SH: 25    Dex: 15    Spells: 21/21 levels left

rFire   + + +      SeeInvis +   a - +10 broad axe "Zeot" {vorpal, rN+ SInv}
rCold   + + +      Faith    .   N - +0 tower shield {rC+}
rNeg    + + .      Spirit   .   j - +4 gold dragon scales
rPois   +          Reflect  .   n - +3 hat of Pondering {ponderous, Will+ MP+10 Int+5}
rElec   +          Harm     .   q - scarf {rC+ rF+}
rCorr   .          Rampage  .   I - +2 pair of gloves
Will    ++...                   g - +2 pair of boots {Stlth+}
Stlth   ..........              x - amulet of Vitality {Regen+ HP+15}
HPRegen 1.31/turn               V - ring "Huleu" {rF++ rC- rN+ Str+4 Int+3}
MPRegen 0.22/turn               Q - ring "Keaddut" {rElec rF+ rC+}

@: corroded, studying 2 skills, slow
A: horns 2, retaliatory headbutt
}: 3/15 runes: decaying, silver, gossamer
a: Renounce Religion, Berserk, Trog's Hand, Brothers in Arms


You were on level 3 of the Depths.
You worshipped Trog.
Trog was extremely pleased with you.
You visited 7 branches of the dungeon, and saw 39 of its levels.
You also visited: Ossuary, Gauntlet, Ice Cave and Volcano.

You collected 6702 gold pieces.
You spent 612 gold pieces at shops.

Inventory:

Hand Weapons
 a - the +10 broad axe "Zeot" (weapon) {vorpal, rN+ SInv}
   (Trog gifted it to you on level 1 of the Vaults)

   It inflicts extra damage upon your enemies.
   rN:        It protects you from negative energy.
   SInv:      It lets you see invisible.
Missiles
 k - 17 javelins
 P - 5 throwing nets
Armour
 g - a +2 pair of boots of stealth (worn)
 j - +4 gold dragon scales (worn)
 n - the +3 hat of Pondering (worn) {ponderous, Will+ MP+10 Int+5}
   (You found it on level 14 of the Dungeon)

   Int:       It affects your intelligence (+5).
   MP:        It affects your magic capacity (+10).
   Will:      It increases your willpower.
 q - a scarf of resistance (worn)
 I - a +2 pair of gloves (worn)
 N - a +0 tower shield of cold resistance (worn)
 O - the quicksilver dragon scales of the Devil's Team {+Inv Will+ Str+2 Dex+3}
   (You found it on level 14 of the Dungeon)

   Str:       It affects your strength (+2).
   Dex:       It affects your dexterity (+3).
   +Inv:      It lets you turn invisible.
   Will:      It increases your willpower.
Jewellery
 p - the amulet "Biyhiqif" {Reflect rC+ SH+5}
   (You found it in a Gauntlet)

   [amulet of reflection]

   It reflects blocked missile attacks.
   rC:        It protects you from cold.
   SH:        It affects your SH (+5).
 w - a ring of protection from cold
 x - the amulet of Vitality (around neck) {Regen+ HP+15}
   (You took it off an orc knight on level 5 of the Vaults)

   [amulet of regeneration]

   HP:        It affects your health (+15).
   Regen:     It increases your rate of health regeneration.
 F - the ring of Eloushre {+Blink rPois EV+4}
   (You found it on level 5 of the Vaults)

   [ring of evasion]

   EV:        It affects your evasion (+4).
   rPois:     It protects you from poison.
   +Blink:    It lets you blink.
 J - a ring of protection from cold
 Q - the ring "Keaddut" (right hand) {rElec rF+ rC+}
   (You took it off a tengu warrior on level 11 of the Dungeon)

   [ring of protection from cold]

   rF:        It protects you from fire.
   rC:        It protects you from cold.
   rElec:     It insulates you from electricity.
 U - the ring "Muumeq" {Fly rCorr}
   (You found it on level 11 of the Dungeon)

   [ring of flight]

   Fly:       It grants you flight.
   rCorr:     It protects you from acid and corrosion.
 V - the ring "Huleu" (left hand) {rF++ rC- rN+ Str+4 Int+3}
   (You found it on level 11 of the Dungeon)

   [ring of positive energy]

   Str:       It affects your strength (+4).
   Int:       It affects your intelligence (+3).
   rF:        It greatly protects you from fire.
   rC:        It makes you vulnerable to cold.
   rN:        It protects you from negative energy.
Wands
 b - a wand of charming (17)
 m - a wand of digging (9)
 s - a wand of iceblast (29)
 v - a wand of paralysis (29)
 L - a wand of acid (15)
 Y - a wand of polymorph (6)
Scrolls
 c - 6 scrolls of magic mapping
 d - 10 scrolls of teleportation
 e - 4 scrolls of summoning
 f - 3 scrolls of silence
 l - 3 scrolls of fear
 t - 10 scrolls of vulnerability
 z - 3 scrolls of fog
 K - 4 scrolls of holy word
Potions
 h - 2 potions of heal wounds
 i - 9 potions of curing
 o - 12 potions of mutation
 r - 3 potions of cancellation
 u - 6 potions of attraction
 A - 6 potions of ambrosia
 B - a potion of haste
 D - 7 potions of flight
 G - 2 potions of berserk rage
 H - 6 potions of magic
 T - a potion of might
 W - 8 potions of lignification
 X - 3 potions of invisibility
Miscellaneous
 R - a tin of tremorstones (2/2)


   Skills:
 O Level 27 Fighting
 + Level 21.6 Axes
 - Level 1.5(14.3) Maces & Flails
 * Level 25.7 Armour
 + Level 11.0 Dodging
 - Level 3.0 Stealth
 O Level 27 Shields


You had 21 spell levels left.
You didn't know any spells.
Your spell library was empty.

Dungeon Overview and Level Annotations

Branches:
Dungeon (15/15)            Temple (0/1) D:5            Lair (6/6) D:11
  Swamp (4/4) Lair:4       Spider (4/4) Lair:2        Slime (0/5) Lair:6
    Orc (2/2) D:12            Elf (0/3) Orc:2        Vaults (5/5) D:14
  Crypt (0/3) Vaults:2     Depths (3/4) D:15        Ossuary (visited)
  IceCv (visited)         Volcano (visited)         Gauntlet (visited)

Altars:
Dithmenos
Kikubaaqudgha
Trog
Vehumet
Yredelemnul

Shops:
D:6 (   D:7 *   D:9 [   D:10 *   Orc:2 ![[   Depths:3 *(:

Portals:
Hell: Depths:1 Depths:2
Abyss: Depths:1
Pandemonium: Depths:1 Depths:2
Ziggurat: Depths:1

Annotations:
Lair:6 exclusion: oklob plant
Swamp:2 1 runed translucent door, a3don's ghost, journeyman DjCj
Swamp:3 1 runed translucent door, esper6's ghost, journeyman GnNe


Innate Abilities, Weirdness & Mutations

You have a pair of horns on your head.
You reflexively headbutt those who attack you in melee.


Message History

The bolt of lightning hits the storm dragon.
The storm dragon completely resists.
The walking crystal tome erupts in a flurry of living spells!
The caustic shrike claws you! The acid corrodes you!
You are splashed with acid!
The stone giant hits you but does no damage.
The storm dragon bites you but does no damage.
The storm dragon claws you but does no damage.
The storm dragon tramples you but does no damage.
The caustic shrike claws you but does no damage.
The walking crystal tome hits you. The living spell casts itself at you.
The crystal spear hits you!!!
* * * LOW HITPOINT WARNING * * *
The caustic shrike claws you but does no damage.
The storm dragon bites you.
* * * LOW HITPOINT WARNING * * *
The storm dragon claws you but does no damage.
The storm dragon tramples you but does no damage.
The stone giant hits you!!
* * * LOW HITPOINT WARNING * * *
The caustic shrike claws you!!
* * * LOW HITPOINT WARNING * * *
The acid corrodes you!
You are splashed with acid!
* * * LOW HITPOINT WARNING * * *
You turn to flesh and can move again.
Okay, then.
Okay, then.
Okay, then.
Okay, then.
As you read the scroll of fear, it crumbles to dust.
You assume a fearsome visage.
The living spell is unaffected.
The walking crystal tome is unaffected.
The storm dragon resists with almost no effort.
The ghost moth looks frightened!
The caustic shrike easily resists.
The living spell is unaffected. x3; The stone giant looks frightened!
The living spell is unaffected.
The caustic shrike claws you!!
* * * LOW HITPOINT WARNING * * *
The acid corrodes you!
You are splashed with acid!
You die...

.............#.........
.............#♣........
.............##♣....∩..
..............##♣......
..............##♣.....
#..............##♣)†.♣
#####...#######.###[##
###..#..Dy.#..###....)).
#......@C*......##)..[..
....≈⌠#;b*#⌠≈... ##.....
..≈≈≈ #***##≈≈≈.. ###...
.≈≈# .....###≈≈. ##...
.≈ ........ #≈. #.... .
.........( ≈. #....
$.........[# #....
##.........## #....
#...)


You could see a caustic shrike, a storm dragon, a walking crystal tome, a stone
giant (fleeing), a ghost moth (invisible, petrified, fleeing) and 5 living
crystal spells.

Vanquished Creatures
  A dread lich (Vaults:5)
  Mennas (Vaults:2)
  Sojobo (Vaults:5)
  the Lernaean hydra (Swamp:4)
  A caustic shrike (Depths:3)
  A golden dragon (Depths:2)
  the Enchantress (Depths:2)
  Arachne (Spider:3)
  4 tentacled monstrosities
  Mlioglotl (Swamp:1)
  A lich (Depths:2)
  6 titans
  A quicksilver dragon (Vaults:3)
  A walking divine tome (Depths:2)
  5 sphinxes
  4 shadow dragons
  A storm dragon (Vaults:5)
  Kirke (Lair:5)
  10 tengu reavers
  A thorn hunter (Swamp:3)
  A fenstrider witch (Swamp:3)
  3 deep elf sorcerers
  9 fire giants
  19 vault wardens
  2 iron dragons
  10 frost giants
  5 ghost moths (Spider:4)
  2 emperor scorpions (Spider:4)
  4 spriggan defenders (Depths:2)
  16 stone giants
  24 ironbound preservers
  3 broodmothers
  15 very ugly things
  8 ironbound thunderhulks
  A reaper (IceCv)
  2 war gargoyles (Vaults:5)
  5 vampire knights
  2 eleionomae
  6 entropy weavers
  Nessos (D:14)
  2 deep elf demonologists
  8 dire elephants
  6 bunyips
  A minotaur (Gauntlet)
  9 spark wasps
  2 crystal guardians (Vaults:4)
  15 ettins
  13 great orbs of eyes
  5 deep elf high priests
  2 rakshasas
  A hell beast (Depths:1)
  12 yaktaur captains
  6 fire dragons
  4 ice dragons
  33 vault guards
  4 ogre magi
  Harold (D:11)
  10 boulder beetles
  3 spriggan air magi
  2 catoblepae (Lair:6)
  24 centaur warriors
  A peacekeeper (Vaults:4)
  6 ironbound frosthearts
  A death knight (D:14)
  30 hydras
  A ghost crab (Spider:1)
  4 dancing weapons
  A radroach (Spider:2)
  11 alligators
  9 two-headed ogres
  5 spriggan berserkers
  3 deep troll shamans
  A deep troll earth mage (Depths:2)
  4 death yaks (Lair:6)
  5 tengu warriors
  3 orc high priests (Orc:2)
  Urug (D:11)
  A shock serpent (shapeshifter) (Vaults:5)
  A hell knight (Depths:2)
  A sun demon (Depths:1)
  8 skeletal warriors
  A deep troll (shapeshifter) (D:15)
  2 pharaoh ants (Spider:1)
  2 goliath frogs
  42 deep trolls
  14 swamp dragons
  2 bog bodies
  An obsidian statue (IceCv)
  An iron troll (Depths:1)
  3 flayed ghosts
  Pikel (D:6)
  A glowing orange brain (Vaults:4)
  5 spriggan simulacra (IceCv)
  8 orb spiders
  6 phantasmal warriors
  5 steelbarb worms
  10 wizards
  5 necromancers
  13 lindwurms
  9 orc knights
  17 ironbound convokers
  13 harpies
  7 deep elf pyromancers
  23 wolf spiders
  A tengu skeleton (Vaults:1)
  A shining eye (shapeshifter) (Vaults:5)
  37 ugly things
  9 cyclopes
  5 will-o-the-wisps
  A sphinx skeleton (Depths:2)
  6 manticores
  4 orc sorcerers (Orc:2)
  4 moths of wrath
  4 elephants (Lair:6)
  A rust devil (Depths:1)
  22 vault sentinels
  Maurice (D:9)
  5 torpor snails
  7 black mambas
  2 gargoyles
  7 cane toads
  2 black mambas (shapeshifter) (D:14)
  An orange demon (Depths:1)
  2 minotaur zombies (Gauntlet)
  A smoke demon (Depths:1)
  An unseen horror (D:10)
  3 rime drakes
  14 komodo dragons
  2 efreet
  8 demonic crawlers
  38 yaktaurs
  Psyche (D:10)
  3 tengu conjurers
  10 freezing wraiths
  A hellwing (Depths:1)
  2 entropy weaver simulacra (IceCv)
  An anaconda simulacrum (IceCv)
  8 trolls
  A golden dragon simulacrum (IceCv)
  An ice devil (IceCv)
  19 tarantellas
  25 meliai
  14 hornets
  12 tyrant leeches
  23 slime creatures
  7 polar bears
  9 blink frogs
  6 dream sheep (Lair:4)
  32 culicivoras
  A shadow (D:11)
  2 centaur simulacra (Gauntlet)
  10 spriggans
  A ynoxinul (Depths:1)
  28 jumping spiders
  2 wyverns
  79 yaks
  A vampire (D:14)
  4 dire elephant simulacra (IceCv)
  2 wraiths
  3 fire elementals (Volcano)
  6 basilisks
  5 hogs (Lair:5)
  48 redbacks
  A neqoxec (Depths:1)
  18 vampire mosquitoes
  3 minotaur simulacra (IceCv)
  2 wargs (Orc:2)
  A harpy simulacrum (IceCv)
  A redback simulacrum (D:14)
  12 swamp worms
  13 water moccasins
  3 acid dragons
  Duvessa (D:6)
  28 orc warriors
  9 swamp drakes
  4 black bears
  An elf simulacrum (Vaults:1)
  3 ice beasts
  11 ogres
  2 sky beasts
  19 wolves
  An orc skeleton (Vaults:1)
  5 centaurs
  2 human skeletons (Vaults:1)
  2 lemures (D:6)
  3 kobold brigands
  12 bullfrogs
  3 scorpions
  2 earth elementals (Volcano)
  4 elf zombies (Ossuary)
  A water moccasin skeleton (D:6)
  A hornet simulacrum (Gauntlet)
  Dowan (D:6)
  6 killer bees
  5 wights (D:9)
  10 howler monkeys
  2 electric eels
  7 centaur zombies
  A hound (shapeshifter) (Vaults:4)
  A bullfrog skeleton (D:6)
  A centaur skeleton (D:6)
  A human zombie (Ossuary)
  3 jellies
  18 orc priests
  2 hounds
  3 iguanas
  21 hell rats
  19 orc wizards
  A killer bee zombie (D:7)
  A hound zombie (D:2)
  2 hound skeletons (D:4)
  3 mummies
  2 gnolls (D:2)
  A howler monkey skeleton (D:3)
  4 adders
  9 river rats (Lair:1)
  2 shadow imps
  2 white imps
  3 adder skeletons
  4 adder zombies
  3 dart slugs
  74 orcs
  5 ball pythons
  A bat (D:2)
  3 endoplasms
  2 giant cockroaches
  6 goblins
  4 hobgoblins
  3 jackals (D:5)
  8 kobolds
  5 quokkas (D:2)
  A frilled lizard (D:1)
  A goblin zombie (Ossuary)
  12 hobgoblin zombies
  2 jackal skeletons (D:2)
  11 kobold zombies
  6 orc zombies (Ossuary)
  6 rats
  4 briar patches (Swamp:3)
1649 creatures vanquished.

Vanquished Creatures (collateral kills)
  Jory (Depths:3)
  3 golden dragons
  A shadow dragon (Vaults:5)
  A sphinx (Vaults:5)
  A juggernaut zombie (Depths:2)
  A very ugly thing (Depths:3)
  A reaper (IceCv)
  A stone giant (Depths:3)
  A spark wasp (Spider:4)
  An ice dragon (Depths:3)
  An alligator (Swamp:4)
  Sonja (D:11)
  A sun moth (Spider:4)
  A sphinx zombie (Depths:2)
  2 fire giant skeletons (Depths:2)
  An entropy weaver simulacrum (IceCv)
  A jumping spider (Spider:1)
  2 redbacks (Spider:1)
  A warg (Vaults:5)
  A swamp drake (Swamp:4)
  An orc priest (Vaults:5)
  An orc (Vaults:5)
26 creatures vanquished.

Vanquished Creatures (others)
  A lich (Depths:3)
  A bunyip (Swamp:2)
  A hydra (Swamp:2)
  An alligator (Swamp:4)
  A goliath frog (Swamp:2)
  A pharaoh ant (Spider:4)
  A bloated husk (Swamp:2)
  A tyrant leech (Swamp:4)
  A culicivora (Spider:1)
  An orc warrior (Vaults:5)
  An ogre (Vaults:5)
  2 orc priests (Orc:2)
  3 bushes (D:8)
  24 foxfires
  42 fungi
  45 plants
  3 withered plants (D:2)
130 creatures vanquished.

Grand Total: 1805 creatures vanquished

Notes
Turn   | Place    | Note
-------+----------+-------------------------------------------
     0 | D:1      | PieDemon the Minotaur Berserker began the quest for the
                  | Orb.
     0 | D:1      | Reached XP level 1. HP: 19/19 MP: 0/0
   424 | D:1      | Reached XP level 2. HP: 23/26 MP: 1/1
  1266 | D:2      | Reached XP level 3. HP: 29/33 MP: 2/2
  1303 | D:2      | Found a faded altar of an unknown god.
  1346 | D:2      | Reached skill level 5 in Axes
  1715 | D:2      | Reached XP level 4. HP: 41/41 MP: 3/3
  2205 | D:3      | Reached ** piety under Trog
  2663 | D:3      | Reached skill level 5 in Fighting
  2683 | D:3      | Reached XP level 5. HP: 48/48 MP: 4/4
  3467 | D:5      | Entered Level 5 of the Dungeon
  3478 | D:5      | Noticed a water moccasin
  3487 | D:5      | Killed a water moccasin
  3488 | D:5      | Reached XP level 6. HP: 56/56 MP: 5/5
  3798 | D:5      | Found a sand-covered staircase.
  3808 | Ossuary  | Entered an ossuary
  3928 | Ossuary  | Reached *** piety under Trog
  3929 | Ossuary  | Reached XP level 7. HP: 43/61 MP: 6/6
  4106 | Ossuary  | Reached skill level 1 in Shields
  4305 | D:5      | Found a staircase to the Ecumenical Temple.
  4344 | D:5      | Reached skill level 10 in Axes
  4757 | D:5      | Reached XP level 8. HP: 49/70 MP: 7/7
  5495 | D:6      | Noticed Duvessa
  5495 | D:6      | Noticed Dowan
  5502 | D:6      | Killed Dowan
  5506 | D:6      | Killed Duvessa
  5816 | D:6      | Noticed Pikel
  5823 | D:6      | Killed Pikel
  5824 | D:6      | Reached skill level 1 in Stealth
  5824 | D:6      | Reached XP level 9. HP: 78/78 MP: 8/8
  5829 | D:6      | Found Hyes's Antique Weapon Emporium.
  6333 | D:6      | Found the +7 Kryia's mail coat {PotionHeal*2 rC+}
  7863 | D:7      | Found Maerrif's Assorted Antiques.
  8854 | D:8      | Reached skill level 15 in Axes
  8854 | D:8      | Reached XP level 10. HP: 64/88 MP: 9/9
  9884 | D:9      | Noticed Maurice
  9891 | D:9      | Killed Maurice
  9937 | D:9      | Found a radiant altar of Vehumet.
 10179 | D:9      | Found Xaorr's Armour Emporium.
 10324 | D:9      | Reached **** piety under Trog
 10762 | D:10     | Entered Level 10 of the Dungeon
 10858 | D:10     | Found Ylelled's Demolitions Depot.
 10870 | D:10     | Noticed Psyche
 10881 | D:10     | Killed Psyche
 11063 | D:10     | Noticed a two-headed ogre
 11071 | D:10     | Killed a two-headed ogre
 11072 | D:10     | Reached skill level 5 in Shields
 11752 | D:10     | Reached XP level 11. HP: 84/97 MP: 10/10
 12111 | D:11     | Noticed Urug
 12115 | D:11     | Noticed a two-headed ogre
 12123 | D:11     | Killed a two-headed ogre
 12130 | D:11     | Killed Urug
 12197 | D:11     | Reached skill level 10 in Fighting
 12413 | D:11     | Noticed a deep elf pyromancer
 12413 | D:11     | Noticed Harold
 12424 | D:11     | Killed Harold
 12425 | D:11     | Identified the amulet of Okawaru's Generosity {-Tele
                  | Rampage rN+++ Regen+ Int-3}
 12425 | D:11     | Noticed a deep elf pyromancer
 12428 | D:11     | Killed a deep elf pyromancer
 12432 | D:11     | Killed a deep elf pyromancer
 12440 | D:11     | Noticed a centaur warrior
 12443 | D:11     | Noticed a six-headed hydra
 12538 | D:11     | Killed a six-headed hydra
 12643 | D:11     | Killed a centaur warrior
 12822 | D:11     | Noticed a centaur warrior
 12827 | D:11     | Killed a centaur warrior
 12828 | D:11     | Reached skill level 1 in Maces & Flails
 12828 | D:11     | Reached XP level 12. HP: 90/110 MP: 11/11
 12913 | D:11     | Found a staircase to the Lair.
 12933 | D:11     | Noticed a tengu warrior
 12933 | D:11     | Identified the ring "Keaddut" {rElec rF+ rC+}
 12933 | D:11     | Noticed a tengu warrior
 12933 | D:11     | Noticed a tengu warrior
 12942 | D:11     | Killed a tengu warrior
 12948 | D:11     | Killed a tengu warrior
 12961 | D:11     | Killed a tengu warrior
 13551 | D:11     | Noticed Sonja
 13558 | D:11     | Killed Sonja
 13597 | D:11     | Noticed a two-headed ogre
 13603 | D:11     | Killed a two-headed ogre
 13733 | D:11     | Identified the ring "Muumeq" {Fly rCorr}
 13740 | D:11     | Identified the ring "Huleu" {rF++ rC- rN+ Str+4 Int+3}
 14018 | Lair:1   | Entered Level 1 of the Lair of Beasts
 14479 | Lair:1   | Reached skill level 5 in Armour
 14614 | Lair:1   | Noticed a six-headed hydra
 14622 | Lair:1   | Killed a six-headed hydra
 15042 | Lair:1   | Reached ***** piety under Trog
 15265 | Lair:1   | Noticed a seven-headed hydra
 15273 | Lair:1   | Killed a seven-headed hydra
 15274 | Lair:1   | Reached XP level 13. HP: 123/123 MP: 12/12
 16265 | Lair:2   | Found a hole to the Spider Nest.
 16424 | Lair:2   | Reached skill level 15 in Fighting
 16793 | Lair:3   | Reached skill level 10 in Shields
 17398 | Lair:3   | Identified the ring of Fatigue {*Slow MP+9 Str+7 Int+4}
 17926 | Lair:4   | Received a gift from Trog
 18262 | Lair:4   | Found a staircase to the Swamp.
 19154 | Lair:5   | Found a dark tunnel.
 19190 | Volcano  | Entered a volcano
 19226 | Volcano  | Noticed a stone giant
 19232 | Volcano  | Killed a stone giant
 19233 | Volcano  | Reached XP level 14. HP: 136/138 MP: 13/13
 19632 | Lair:5   | Noticed Kirke
 19647 | Lair:5   | Killed Kirke
 19748 | Lair:5   | Identified the +1 rapier of Zeuzeazu {vorpal, rPois}
 20416 | Lair:6   | Entered Level 6 of the Lair of Beasts
 20426 | Lair:6   | Found a gate leading to a gauntlet.
 20450 | Gauntlet | Entered a Gauntlet
 20450 | Gauntlet | Found a transporter.
 20450 | Gauntlet | Found a runed translucent gate.
 20450 | Gauntlet | Found a transporter.
 20458 | Gauntlet | Found a transporter.
 20462 | Gauntlet | Found a transporter.
 20471 | Gauntlet | Found a transporter.
 20474 | Gauntlet | Found a transporter.
 20491 | Gauntlet | Found a transporter.
 20497 | Gauntlet | Found a runed translucent door.
 20498 | Gauntlet | Found a transporter.
 20499 | Gauntlet | Found a runed translucent door.
 20512 | Gauntlet | Found a transporter.
 20516 | Gauntlet | Found a transporter.
 20524 | Gauntlet | Found a transporter.
 20528 | Gauntlet | Found a transporter.
 20530 | Gauntlet | Found a runed translucent gate.
 20530 | Gauntlet | Found a runed translucent gate.
 20579 | Gauntlet | Identified the amulet "Biyhiqif" {Reflect rC+ SH+5}
 20955 | Lair:6   | Found a staircase to the Slime Pits.
 21011 | Lair:6   | Identified the +7 broad axe of Ciats {antimagic, rF- Str+5
                  | Dex+3} (Trog gifted it to you on level 6 of the Lair of
                  | Beasts)
 21011 | Lair:6   | Received a gift from Trog
 21020 | Lair:6   | Reached skill level 10 in Armour
 21663 | Lair:6   | Identified 2 scrolls of acquirement
 21663 | Lair:6   | Acquired a manual of Shields
 21665 | Lair:6   | Acquired 694 gold pieces
 22555 | D:12     | Reached ****** piety under Trog
 23063 | D:12     | Found a staircase to the Orcish Mines.
 23142 | D:10     | Identified the +1 leather armour of a wizard's laboratory
                  | {Str+5}
 23376 | Orc:1    | Entered Level 1 of the Orcish Mines
 23443 | Orc:1    | Found a bloodstained altar of Trog.
 23448 | Orc:1    | Received a gift from Trog
 23882 | Orc:2    | Entered Level 2 of the Orcish Mines
 23904 | Orc:2    | Reached XP level 15. HP: 107/155 MP: 4/14
 24289 | Orc:2    | Found Wulew's Distillery.
 24328 | Orc:2    | Found Esegul's Antique Armour Shop.
 24599 | Orc:2    | Bought a potion of curing for 42 gold pieces
 24599 | Orc:2    | Bought a potion of heal wounds for 70 gold pieces
 24599 | Orc:2    | Bought a potion of curing for 42 gold pieces
 24614 | Orc:2    | Found Yneg Rad's Armour Shop.
 24616 | Orc:2    | Found Tolar's Antique Armour Shoppe.
 24624 | Orc:2    | Bought a fading kite shield for 256 gold pieces
 24624 | Orc:2    | Identified the -5 kite shield "Jejoqup" {+Blink rElec} (You
                  | bought it in a shop on level 2 of the Orcish Mines)
 24624 | Orc:2    | Bought a pair of runed boots for 202 gold pieces
 24900 | Orc:2    | Found a staircase to the Elven Halls.
 25384 | D:13     | Identified the +8 morningstar of Monotheism {antimagic, rF+
                  | rCorr Dex-5 Stlth+} (Trog gifted it to you on level 13 of
                  | the Dungeon)
 25384 | D:13     | Received a gift from Trog
 25851 | D:13     | Reached skill level 15 in Shields
 26221 | D:14     | Found a gate to the Vaults.
 26226 | D:14     | Noticed Nessos
 26234 | D:14     | Killed Nessos
 27617 | D:14     | Received a gift from Trog
 27649 | D:14     | Reached XP level 16. HP: 169/169 MP: 5/15
 27671 | D:14     | Identified the quicksilver dragon scales of the Devil's
                  | Team {+Inv Will+ Str+2 Dex+3}
 27889 | D:14     | Found a runed translucent door.
 27894 | D:14     | Noticed a tengu reaver
 28444 | D:14     | Found the +3 hat of Pondering {ponderous, Will+ MP+10
                  | Int+5}
 28454 | D:14     | Killed a tengu reaver
 28767 | D:15     | Entered Level 15 of the Dungeon
 29241 | D:15     | Found a frozen archway.
 29248 | IceCv    | Entered an ice cave
 29449 | IceCv    | Received a gift from Trog
 30711 | D:15     | Reached skill level 15 in Armour
 30721 | D:15     | Found a staircase to the Depths.
 31378 | Swamp:1  | Entered Level 1 of the Swamp
 31456 | Swamp:1  | Noticed Mlioglotl
 31466 | Swamp:1  | Killed Mlioglotl
 31893 | Swamp:1  | Identified the +6 shortbow "Ukoa" {vorpal, rCorr Dex+4}
 32646 | Swamp:2  | Found a runed translucent door.
 32647 | Swamp:2  | Noticed a3don's ghost (journeyman DjCj)
 32725 | Swamp:2  | Reached XP level 17. HP: 181/181 MP: 16/16
 32770 | Swamp:2  | Received a gift from Trog
 33296 | Swamp:3  | Found a runed translucent door.
 34007 | Swamp:3  | Identified the ring of Propriety {rF- Will+ Dex+5}
 34008 | Swamp:3  | Noticed esper6's ghost (journeyman GnNe)
 34010 | Swamp:3  | Identified the +9 trident of Dissolution {venom, rF+ rC+
                  | Dex+4}
 34049 | Swamp:4  | Entered Level 4 of the Swamp
 34240 | Swamp:4  | Acquired 909 gold pieces
 34992 | Swamp:4  | Noticed the 27-headed Lernaean hydra
 35001 | Swamp:4  | Killed the 26-headed Lernaean hydra
 35248 | Swamp:4  | Got a decaying rune of Zot
 35512 | Spider:1 | Entered Level 1 of the Spider Nest
 35814 | Spider:1 | Received a gift from Trog
 37634 | Spider:2 | Reached XP level 18. HP: 192/192 MP: 17/17
 38310 | Spider:3 | Noticed Arachne
 38323 | Spider:3 | Killed Arachne
 38328 | Spider:3 | Received a gift from Trog
 38705 | Spider:4 | Entered Level 4 of the Spider Nest
 40090 | Spider:4 | Received a gift from Trog
 40278 | Spider:4 | Got a gossamer rune of Zot
 40523 | Vaults:1 | Entered Level 1 of the Vaults
 41110 | Vaults:1 | Received a gift from Trog
 41290 | Vaults:1 | Reached XP level 19. HP: 204/204 MP: 18/18
 42076 | Vaults:1 | Identified the +10 broad axe "Zeot" {vorpal, rN+ SInv}
                  | (Trog gifted it to you on level 1 of the Vaults)
 42076 | Vaults:1 | Received a gift from Trog
 42714 | Vaults:2 | Found the +8 longbow "Zephyr" {speed, Dex+3 SInv}
 43848 | Vaults:2 | Found a staircase to the Crypt.
 43848 | Vaults:2 | Found a basalt altar of Yredelemnul.
 43848 | Vaults:2 | Found an ancient bone altar of Kikubaaqudgha.
 43848 | Vaults:2 | Noticed Mennas
 43890 | Vaults:2 | Killed Mennas
 43890 | Vaults:2 | Received a gift from Trog
 43891 | Vaults:2 | Reached skill level 27 in Fighting
 44594 | Vaults:3 | Reached XP level 20. HP: 200/216 MP: 19/19
 46611 | Vaults:4 | Identified the +8 broad axe of Gluttony {vorpal, *Rage
                  | Will+ Str+8} (Trog gifted it to you on level 4 of the
                  | Vaults)
 46611 | Vaults:4 | Received a gift from Trog
 46683 | Vaults:4 | Reached skill level 5 in Dodging
 47676 | Vaults:4 | Received a gift from Trog
 48297 | Vaults:5 | Entered Level 5 of the Vaults
 48631 | Vaults:4 | Reached XP level 21. HP: 130/224 MP: 20/20
 49168 | Vaults:5 | Noticed a dread lich
 49178 | Vaults:4 | Received a gift from Trog
 49294 | Vaults:5 | Killed a dread lich
 50773 | Vaults:5 | Received a gift from Trog
 51149 | Vaults:5 | Noticed Sojobo
 51158 | Vaults:5 | Paralysed by an air elemental for 1 turns
 51161 | Vaults:5 | Paralysed by an air elemental for 1 turns
 51164 | Vaults:5 | Paralysed by an air elemental for 1 turns
 51166 | Vaults:5 | Paralysed by an air elemental for 1 turns
 51169 | Vaults:5 | Paralysed by an air elemental for 1 turns
 51173 | Vaults:5 | Paralysed by an air elemental for 1 turns
 51175 | Vaults:5 | Paralysed by an air elemental for 1 turns
 51530 | Vaults:5 | Identified the ring of the Harvest {*Slow Fly rElec MP+9}
 51643 | Vaults:5 | Killed Sojobo
 51832 | Vaults:5 | Noticed a golden dragon
 51869 | Vaults:5 | Identified the +7 longbow of Parts Unknown {venom, Will++}
 51871 | Vaults:5 | Killed a golden dragon
 52173 | Vaults:5 | Got a silver rune of Zot
 52176 | Vaults:5 | Identified the ring of Eloushre {+Blink rPois EV+4}
 52627 | Depths:1 | Entered Level 1 of the Depths
 52627 | Depths:1 | Found a one-way gateway to a ziggurat.
 52704 | Depths:1 | Found a gateway to Hell.
 52967 | Depths:1 | Found a one-way gate to the infinite horrors of the Abyss.
 53039 | Depths:1 | Received a gift from Trog
 53162 | Depths:1 | Found a shadowy altar of Dithmenos.
 53323 | Depths:1 | Reached XP level 22. HP: 233/233 MP: 21/21
 53337 | Depths:1 | Found a one-way gate leading to the halls of Pandemonium.
 53457 | Depths:2 | Identified the +9 great sword "Gitzot Wotass" {antimagic,
                  | rF+ Dex+2}
 53844 | Depths:2 | Noticed a golden dragon
 53852 | Depths:2 | Killed a golden dragon
 54271 | Depths:2 | Noticed the Enchantress
 54283 | Depths:2 | Reached skill level 27 in Shields
 54296 | Depths:2 | Killed the Enchantress
 54297 | Depths:2 | Reached skill level 10 in Dodging
 54329 | Depths:2 | Identified the +7 broad axe "Vaatiquum" {vorpal, rC+} (Trog
                  | gifted it to you on level 2 of the Depths)
 54329 | Depths:2 | Received a gift from Trog
 54814 | Depths:3 | Noticed a caustic shrike
 54824 | Depths:3 | Killed a caustic shrike
 54882 | Depths:3 | Found Zeonuum's Book Boutique.
 54891 | Depths:3 | Noticed a golden dragon
 54895 | Depths:3 | Noticed a golden dragon
 54900 | Depths:3 | Noticed Jory
 54906 | Depths:3 | Killed a golden dragon
 54912 | Depths:3 | Killed a golden dragon
 54919 | Depths:3 | Killed Jory
 54921 | Depths:3 | Found Cyalaaji's Book Boutique.
 54921 | Depths:3 | Found Nouphim's Assorted Antiques.
 55046 | Depths:3 | Found Raclah's Weapon Shop.
 55096 | Depths:3 | Noticed a caustic shrike
 55112 | Depths:3 | HP: 3/248 [caustic shrike (23)]
 55112 | Depths:3 | Splashed by a caustic shrike's acid

Illustrated notes

Levels and vault maps discovered:
D:1:      denvon_arrival_planthouse, layout_basic
D:2:      wad_woods_tower, layout_basic, serial_undead, serial_undead_e,
          serial_undead_f, serial_undead_c, serial_undead_e, serial_undead_b,
          serial_undead_e, serial_undead_f,
          hellmonk_ecumenical_altar_arch_garden
D:3:      layout_basic, nrook_mini_backslash
D:4:      layout_basic
D:5:      layout_basic, minmay_temple_entry_statues, nicolae_ossuary_entry_giza
D:6:      layout_layer_cave, serial_shops, shop, uniq_pikel, uniq_duvessa
D:7:      layout_layer_cave, serial_shops, nicolae_take_the_stairs,
          kennysheep_minor_cross
D:8:      layout_loops_cross, serial_park_tiny_2, st_stairs_11, nicolae_wwwww,
          chequers_serial_rivers_room_a
D:9:      hellmonk_crumbling_castle, layout_long_grid,
          mainiacjoe_overflow_six_doors_small, serial_shops,
          nicolae_diamond_shop, hangedman_decor_slide_cut, uniq_maurice
D:10:     layout_stronghold, hangedman_decor_peaks_small, nicolae_blasting_shop,
          uniq_psyche
D:11:     minmay_the_grid_triangle_9x9_rhombus_thin_mashed
          [minmay_the_grid_triangle_9x9_windchime,
          minmay_the_grid_triangle_9x9_prize_special,
          minmay_the_grid_triangle_9x9_impossible_snake,
          minmay_the_grid_triangle_9x9_checkered], layout_irregular_city,
          grunt_lair_entry_orc_guard_hut, uniq_urug, uniq_harold, uniq_sonja
D:12:     layout_rooms, david_orc_4
D:13:     layout_rooms, grunt_ministairs_3, minmay_misc_feat_four_crosses
D:14:     minmay_spiral_squares, layout_basic, erik_vaults_1,
          kennysheep_treasure_room, uniq_nessos
D:15:     gammafunk_enter_depths_forms, layout_long_grid, kennysheep_crisscross,
          portal_ice_cave_entry_pillars_2, chequers_serial_rivers_room_a,
          serial_bayou_crossing
Lair:1:   layout_long_grid, kennysheep_abandoned_house, grunt_megastairs_3
Lair:2:   layout_hall_layers, spider_nest_entry_webs
Lair:3:   layout_concentric_octagons, minivault_27, gammafunk_lair_bear_cave
Lair:4:   layout_long_grid, minmay_swamp_entry_worms, grunt_megastairs_4
Lair:5:   layout_cave_pods, enter_volcano_2, st_stairs_12, uniq_kirke
Lair:6:   grunt_lair_end_beastmaster, layout_loops_ring,
          minmay_slime_entry_oklob_open, gauntlet_entry_generic,
          cheibrodos_lair_lostbears
Swamp:1:  layout_falls_marsh, nicolae_swamp_fairy_circle, uniq_mlioglotl
Swamp:2:  layout_basic_swamp, gammafunk_ghost_grave,
          evilmike_swamp_ruin_house_5, swamp_pool1,
          nicolae_swamp_rocky_clearing, st_swamp_mini
Swamp:3:  layout_basic_swamp, ebering_ghost_funeral_grove,
          evilmike_swamp_ruin_house_1, swamp_pool2, nicolae_swamp_well_well_well
Swamp:4:  swamp_old_school, layout_basic_swamp, infiniplex_staircase_pool_2
Spider:1: layout_chambers, nicolae_spider_swamp_cousins,
          hangedman_spider_tarantella_strand
Spider:2: layout_spider_delve
Spider:3: layout_spider_delve, uniq_arachne
Spider:4: spider_rune_water
Orc:1:    layout_caves, basic_altar
Orc:2:    st_orc_elflike, layout_diamond_mine, special_room,
          nicolae_orc_lava_room
Vaults:1: grunt_vaults_funnel, v_pattern_2, vaults_room_octagon,
          nicolae_vaults_arrows, v_rooms_4, v_misc_8, v_misc_16, st_octagons_1,
          v_misc_32, vaults_room_fancy_cross, vaults_mumra_hexcomb,
          vaults_room_hallway, ontoclasm_vaults_twist, vaults_dpeg_ring,
          layout_vaults_omnibox
Vaults:2: ontoclasm_vaults_claustrophobia, vaults_room_octagon, v_misc_18,
          minmay_crypt_entry_necro_gods, nicolae_vaults_little_squares_3,
          v_alt_pattern_4, st_smaller_cells, hangedman_vaults_river_flow,
          nicolae_vaults_sealed_display, v_misc_10,
          nicolae_vaults_mini_display_case, layout_vaults_omnicross, uniq_mennas
Vaults:3: st_check, grunt_vaults_hallway_long, v_misc_12, v_misc_16,
          hangedman_vaults_stretched_pinwheel, nicolae_vaults_three_branches,
          nicolae_vaults_border_crossing, layout_vaults_omnigrid
Vaults:4: nicolae_vaults_quadrants, hangedman_vaults_capsules,
          vaults_mumra_chevron, vaults_mumra_minichess_inversion,
          hangedman_vaults_hat, v_alt_pattern_6, v_misc_8, v_misc_5, v_misc_9,
          ontoclasm_vaults_ring_square, nicolae_vaults_shelves_hall,
          nicolae_vaults_little_squares_6, vaults_room_semicircle, v_misc_16,
          grunt_vaults_hallway_short, layout_vaults_maze
Vaults:5: uniq_sojobo
Depths:1: layout_roguey, enter_ziggurat_e,
          nicolae_dithmenos_through_a_glass_darkly, grunt_pan_entry_in_and_out,
          hell_entry, hangedman_abyss_entry_splay, hangedman_decor_points,
          kennysheep_generic_room_12
Depths:2: kennysheep_snake, layout_basic, pan_entry, grunt_decor_clamped,
          hell_entry, minmay_staircase_bubble, grunt_megastairs_1,
          uniq_enchantress
Depths:3: cheibrodos_salmonella, layout_cave_shapes,
          nicolae_abyss_entry_one_way_or_another, pf_dread_powers_of_hell,
          minmay_shoptagon, uniq_jory

Skill      XL: |  1  2  3  4  5  6  7  8  9 10 11 12 13 14 15 16 17 18 19 20 21 22 |
---------------+-------------------------------------------------------------------+-----
Axes           | 4 5 6 7 8 10 12 15 17 19 20 21 | 21.6
Fighting       | 4 5 6 7 9 11 13 16 19 22 23 24 25 27 | 27.0
Shields        | 2 4 5 6 8 11 13 17 20 21 22 23 25 26 27 | 27.0
Stealth        | 1 2 3 |  3.0
Maces & Flails | 1 |  1.5
Armour         | 5 9 11 13 15 17 19 21 23 24 25 | 25.7
Dodging        | 3 6 9 11 | 11.0

Action                   |  1- 3 |  4- 6 |  7- 9 | 10-12 | 13-15 | 16-18 | 19-21 | 22-24 || total
-------------------------+-------+-------+-------+-------+-------+-------+-------+-------++-------
Melee: Hand axe          |    79 |    46 |       |       |       |       |       |       ||   125
       Headbutt          |     8 |    22 |    41 |   102 |   212 |   246 |   294 |   127 ||  1052
       War axe           |       |    80 |   213 |   395 |   372 |       |       |       ||  1060
       Punch             |       |       |     1 |     4 |       |       |       |       ||     5
       Whip              |       |       |       |    12 |    52 |       |       |       ||    64
       Broad axe         |       |       |       |       |   437 |  1071 |   972 |   408 ||  2888
Invok: Berserk           |     1 |     2 |     6 |    13 |     9 |     4 |     5 |     2 ||    42
       Trog's Hand       |       |     1 |     1 |       |     2 |     2 |     3 |     1 ||    10
       Brothers in Arms  |       |       |       |     1 |       |     8 |     7 |     2 ||    18
Evoke: Wand              |       |       |       |       |       |     1 |       |       ||     1
  Use: Scroll            |       |       |       |    13 |    23 |     4 |     6 |     8 ||    54
       Potion            |       |       |       |     5 |     2 |     7 |    17 |     4 ||    35
 Stab: Invisible         |       |       |       |       |       |       |    10 |       ||    10
       Distracted        |       |       |       |       |       |       |     1 |     1 ||     2
Armor: Animal skin       |     2 |       |       |       |       |       |       |       ||     2
       Scale mail        |    19 |    32 |    44 |   133 |   149 |       |       |       ||   377
       Chain mail        |       |       |     5 |       |       |       |       |       ||     5
       Plate armour      |       |       |       |       |    75 |   532 |   388 |   112 ||  1107
       Gold dragon scale |       |       |       |       |       |       |       |    31 ||    31
Dodge: Dodged            |    33 |    40 |    73 |   111 |   177 |   213 |   199 |    73 ||   919
Block: Other             |    14 |    20 |    41 |    54 |       |       |       |       ||   129
       Reflection        |     1 |       |     1 |     4 |    25 |    23 |   111 |       ||   165
       Kite shield       |       |       |       |    76 |   605 |   246 |       |       ||   927
       Tower shield      |       |       |       |       |       |   921 |  1143 |   366 ||  2430
